 Dungeon Crawl Stone Soup version 0.21-a0-578-gc6e9d75 (webtiles) character file.

175 slep the Chopper (level 5, 0/39 HPs)
             Began as a Demonspawn Gladiator on Dec 19, 2017.
             Slain by Sigmund
             ... wielding a +1 scythe of slicing
              (1 damage)
             ... on level 4 of the Dungeon.
             The game lasted 00:07:12 (2006 turns).

slep the Chopper (Demonspawn Gladiator)             Turns: 2006, Time: 00:07:13

Health: 0/39       AC: 13    Str: 14    XL:     5   Next: 29%
Magic:  5/5        EV: 14    Int:  9    God:
Gold:   138        SH:  0    Dex: 16    Spells: 4/4 levels left

rFire    . . .     SeeInvis .   a - +0 war axe
rCold    + . .     Gourm    .   (no shield)
rNeg     . . .     Faith    .   x - +2 robe {rC+}
rPois    .         Spirit   .   c - +0 helmet
rElec    .         Reflect  .   (no cloak)
rCorr    .         Harm     .   y - +0 pair of gloves
MR       .....                  (no boots)
Stlth    ++........             (no amulet)
HPRegen  0.13/turn              p - +5 ring of protection
MPRegen  0.09/turn              w - ring of flight

@: lethally poisoned (0 -> 0)
A: talons 1, yellow scales 1
a: Evoke Flight


You were on level 4 of the Dungeon.
You were hungry.

You visited 1 branch of the dungeon, and saw 4 of its levels.

You collected 138 gold pieces.

Inventory:

Hand Weapons
 a - a +0 war axe (weapon)
 z - a cursed -2 hunting sling
Missiles
 d - 4 throwing nets (quivered)
 o - 42 sling bullets
Armour
 b - a +0 leather armour
 c - a +0 helmet (worn)
 x - a +2 robe of cold resistance (worn)
 y - a +0 pair of gloves (worn)
Jewellery
 p - a +5 ring of protection (left hand)
 t - an uncursed ring of fire
 w - a ring of flight (right hand)
Scrolls
 g - 4 scrolls of teleportation {unknown}
 h - 3 scrolls of remove curse {unknown}
 i - 2 scrolls of enchant weapon {unknown}
 j - 2 scrolls of enchant armour {unknown}
 k - 2 scrolls of magic mapping {unknown}
 m - 4 scrolls of fog {unknown}
 r - a scroll of random uselessness {unknown}
Potions
 e - a potion of degeneration {unknown}
 l - a potion of berserk rage {unknown}
 n - a potion of cancellation {unknown}
 q - a potion of heal wounds {unknown}
 s - a potion of haste {unknown}
 u - a potion of mutation {unknown}
 v - a potion of curing {unknown}
Comestibles
 f - 7 rations


   Skills:
 + Level 2.4 Fighting
 + Level 4.4 Axes
 + Level 2.0 Throwing
 + Level 1.6 Armour
 + Level 3.2 Dodging
 + Level 0.2 Stealth


You had 4 spell levels left.
You didn't know any spells.

Dungeon Overview and Level Annotations

Branches:
Dungeon (4/15)
 Temple: D:4-7

Altars:
Ru
Sif Muna

Annotations:
D:4 Sigmund


Innate Abilities, Weirdness & Mutations

You have sharp toenails.
You are partially covered in yellow scales. (AC +2)


Message History

The worker ant poisons you! Something hits you but does no damage.
The worker ant closely misses you.
You hit the worker ant.
You kill the worker ant!
You feel sick. Something barely misses you.
Things that are here:
a robe; a quokka corpse You closely miss something.
You claw something.
You feel sick. Something hits you.
You slash something! You claw something. Something closely misses you.
You miss something.
You feel sick. Something barely misses you.
You hit something. Something hits you but does no damage.
You miss something. Something hits you but does no damage.
You barely miss something.
You feel sick.
You barely miss something. Something hits you.
You slash something! Something hits you.
* * * LOW HITPOINT WARNING * * *
x2 You miss something.
You feel sick. Something hits you.
* * * LOW HITPOINT WARNING * * *
You die...

#.# #.# #.# ###..# #
#.###%..##...
#.........?#
#......###.# #.#..#..#
#.#.###.## # #.#.#
#.(#.## #########.#.#
##@†..# #..
..........#.####{...#
#....
######.#.............#
#....
#.##.######.....#
#...# #.##.# #.....#
##...## #....####
#.....#.# #.....##
##......#######.#.#
#.......
...........### .#.#
#.......
..########....## ..#
#.......


There were no monsters in sight!

Vanquished Creatures
  Jessica (D:3)
  A worker ant (D:4)
  5 adders
  An ooze (D:1)
  2 worms
  A dart slug (D:1)
  3 leopard geckos
  2 orcs (D:3)
  4 bats
  3 giant cockroaches
  12 goblins
  3 hobgoblins
  4 jackals (D:3)
  4 kobolds
  6 quokkas
  A ball python (D:3)
  6 frilled lizards
  5 rats
64 creatures vanquished.

Notes
Turn   | Place    | Note
-------+----------+-------------------------------------------
     0 | D:1      | slep the Demonspawn Gladiator began the quest for the Orb.
     0 | D:1      | Reached XP level 1. HP: 16/16 MP: 1/1
    48 | D:1      | Gained mutation: You have sharp toenails. [demonic ancestry]
    48 | D:1      | Reached XP level 2. HP: 21/22 MP: 2/2
   114 | D:1      | Reached skill level 3 in Axes
   499 | D:1      | Reached XP level 3. HP: 27/27 MP: 3/3
   966 | D:2      | Reached skill level 1 in Armour
   966 | D:2      | Gained mutation: You are partially covered in yellow scales. (AC +2) [demonic ancestry]
   966 | D:2      | Reached XP level 4. HP: 20/33 MP: 4/4
   974 | D:2      | Found a deep blue altar of Sif Muna.
  1574 | D:3      | Reached skill level 4 in Axes
  1598 | D:3      | Found a sacrificial altar of Ru.
  1693 | D:3      | Noticed Jessica
  1706 | D:3      | Killed Jessica
  1706 | D:3      | Reached XP level 5. HP: 29/39 MP: 5/5
  1983 | D:4      | Noticed Sigmund
  2006 | D:4      | HP: 1/39 [something (4)]
  2006 | D:4      | Slain by Sigmund

Vault maps used:
D:1:      dpeg_arrival_rooms_c
D:2:      lemuel_round_altar
D:3:      lemuel_crystal_altar, uniq_jessica
D:4:      cheibrodos_pilgrimage, fedhas_altar_2, lemuel_round_altar,
          minmay_temple_entry_enclosed_plants, kennysheep_nondescript,
          uniq_sigmund

Skill      XL: |  1  2  3  4 |
---------------+-------------+-----
Dodging        | 3 |  3.2
Axes           | 3 4 |  4.4
Throwing       | 2 |  2.0
Armour         | 1 |  1.6
Fighting       | |  2.4
Stealth        | |  0.2

Action                   |  1- 3 |  4- 6 || total
-------------------------+-------+-------++-------
Melee: War axe           |    87 |    89 ||   176
       Kick              |    12 |    17 ||    29
 Stab: Sleeping          |     1 |       ||     1
  Eat: Chunk             |       |     3 ||     3
Armor: Leather armour    |    30 |    30 ||    60
       Robe              |       |     7 ||     7
Dodge: Dodged            |    90 |    84 ||   174

Table legend:
 A = Spawn XP
 B = Non-spawn XP
 C = Spawn XP percentage of total XP
 D = Spawn monster count
 E = Non-spawn monster count
 F = Spawn count percentage of total count
 G = Total turns spent on level
                    A         B        C        D         E        F      G
               +---------+---------+-------+---------+---------+-------+---------
         Total |       0 |     251 |   0.0 |       0 |      64 |   0.0 |  2006
               +---------+---------+-------+---------+---------+-------+---------
           D:1 |       0 |      43 |   0.0 |       0 |      20 |   0.0 |   544
           D:2 |       0 |      63 |   0.0 |       0 |      15 |   0.0 |   846
           D:3 |       0 |     110 |   0.0 |       0 |      27 |   0.0 |   513
           D:4 |       0 |      35 |   0.0 |       0 |       2 |   0.0 |   103
               +---------+---------+-------+---------+---------+-------+---------
